AoeStats
← ivcrk826

Lombardia

509311663Analyzed
3v3 RM · 5d ago on Sep 26, 2026· 32m 14s· 6 players
Game mode
Random Map
Map size
Normal (6 player)
Population
200
Speed
Normal
Resources
Standard
Victory
Conquest
Starting age
Dark Age
Ending age
Imperial Age
RankedLock teamsTeams togetherTeam positionsShared explorationLock speedFull tech treeHidden civsTurbo modeCheats
Victory
Defeat
🇹🇼 Mongols · Taiwan
1570
+9
🇹🇼 Bohemians · Taiwan
1558
+9
🇹🇼 Saracens · Taiwan
1555
+10
🇦🇷 Persians · Argentina
1422
-10
🇻🇳 Magyars · Vietnam
1407
-9
🇻🇳 Koreans · Vietnam
1391
-9
ivcrk826
7:49 Loom
10:10 Feudal Age
15:51 Castle Age
Duc dam tac thich bus cu
7:11 Loom
9:18 Feudal Age
10:25 Double-Bit Axe
18:08 Castle Age
17:26 Fletching
17:38 Padded Archer Armor
19:18 Bow Saw
20:58 Crossbowman
24:15 Bodkin Arrow
26:25 Stone Mining
26:17 Horse Collar
26:29 Gold Mining
28:39 Wheelbarrow
33:45 Imperial Age
31:24 Thumb Ring
RoadTo1100
9:06 Loom
11:09 Feudal Age
11:46 Loom
12:12 Double-Bit Axe
16:15 Horse Collar
20:18 Castle Age
19:22 Stone Mining
21:13 Bow Saw
25:10 Heavy Plow
28:10 Wheelbarrow
30:38 Hand Cart
32:05 Gold Mining
32:52 Stone Shaft Mining
BøM_antihack.exe
5:54 Loom
8:18 Feudal Age
13:13 Double-Bit Axe
15:28 Horse Collar
17:45 Wheelbarrow
22:29 Castle Age
21:13 Forging
23:17 Scale Barding Armor
22:34 Light Cavalry
24:13 Bloodlines
24:07 Husbandry
24:25 Bloodlines
24:14 Gold Mining
28:46 Chain Barding Armor
30:16 Iron Casting
30:54 Hand Cart
31:41 Stone Mining
32:38 Bow Saw
BøM_R3gaN
6:52 Loom
8:58 Feudal Age
9:37 Double-Bit Axe
10:21 Horse Collar
16:50 Wheelbarrow
19:37 Castle Age
21:27 Hand Cart
21:28 Caravan
21:47 Heavy Plow
21:59 Bow Saw
22:19 Fervor
22:34 Sanctity
26:08 Town Watch
31:17 Imperial Age
29:47 Coinage
29:58 Fortified Wall
30:49 Chemistry
BøM_Sheuu
5:02 Loom
10:44 Feudal Age
14:42 Castle Age
12:54 Double-Bit Axe
14:00 Horse Collar
16:25 Bow Saw
19:58 Scale Barding Armor
20:08 Forging
23:21 Chain Barding Armor
25:35 Iron Casting
25:04 Fletching
26:12 Gold Mining
27:48 Wheelbarrow
27:29 Stone Mining
28:30 Town Watch
Connection lost

Rejoining the realm…

Still unreachable

The connection could not be restored.

Session expired

The server has moved on; the page needs a fresh start.